 Dungeon Crawl Stone Soup version 0.18-a0-1773-gec4f98e (webtiles) character file.

101 vev the Ducker (level 4, -1/24 HPs)
             Began as a Spriggan Abyssal Knight on Apr 14, 2016.
             Was a Priest of Lugonu.
             Slain by an ogre
             ... wielding a cursed -1 giant club
              (25 damage)
             ... on level 4 of the Dungeon.
             The game lasted 00:04:38 (3249 turns).

vev the Ducker (Spriggan Abyssal Knight)            Turns: 3249, Time: 00:04:39

Health: -1/24      AC:  3    Str:  9    XL:     4   Next: 48%
Magic:  6/6        EV: 20    Int: 13    God:    Lugonu [***...]
Gold:   141        SH:  0    Dex: 15    Spells: 0 memorised, 3 levels left

rFire  . . .     SeeInvis +     o - +0 rapier
rCold  . . .     Gourm    .     b - +1 robe
rNeg   . . .     Faith    .     (shield restricted)
rPois  .         Spirit   .     (helmet restricted)
rElec  .         Dismiss  .     (no cloak)
rCorr  .         Reflect  .     (gloves unavailable)
SustAt .         Harm     .     (boots unavailable)
MR     .....                    (no amulet)
Stlth  ++........               (no ring)
                                (no ring)

@: very quick, not resistant to hostile enchantments, unstealthy
A: unfitting armour, see invisible, herbivore 3, speed 3, slow metabolism 2
a: Depart the Abyss, Bend Space, Banish, Renounce Religion


You were on level 4 of the Dungeon.
You worshipped Lugonu.
Lugonu was most pleased with you.
You were not hungry.

You visited 1 branch of the dungeon, and saw 4 of its levels.
You visited the Abyss 1 time.

You collected 141 gold pieces.

Inventory:

Hand Weapons
 a - a +1 short sword
 o - a +0 rapier (weapon)
Armour
 b - a +1 robe (worn)
 h - a +0 buckler
Jewellery
 d - a +3 amulet of reflection {unknown}
Wands
 l - a wand of polymorph (16/24)
 p - a wand of polymorph (13/24)
Scrolls
 e - 7 scrolls of identify {unknown}
 f - a scroll of fog
Potions
 g - a potion of resistance {unknown}
 i - 2 potions of cancellation {unknown}
 k - 3 potions of curing {unknown}
 n - 4 potions of heal wounds
Comestibles
 c - 2 bread rations


   Skills:
 + Level 3.5 Fighting
 + Level 2.7 Short Blades
 + Level 5.0 Dodging
 + Level 0.9 Stealth
 + Level 1.8 Invocations


You had 3 spell levels left.
You didn't know any spells.

Dungeon Overview and Level Annotations

Branches:
Dungeon (4/15)
 Temple: D:4-7

Altars:
Vehumet

Annotations:
D:1 1 exclusion


Innate Abilities, Weirdness & Mutations

You are tiny and cannot use many weapons and most armour.
You have supernaturally acute eyesight.
You are a herbivore.
You cover ground extremely quickly.
You need consume almost no food.


Message History

Found a rapier.
Found a stone staircase leading up.
You see here a buckler.
h - a buckler You hit the ogre.
The ogre is moderately wounded.
The ogre closely misses you.
You hit the ogre.
The ogre is moderately wounded.
The ogre misses you.
You barely miss the ogre.
The ogre is moderately wounded.
The ogre closely misses you.
You hit the ogre.
The ogre is heavily wounded.
You hit the ogre.
The ogre is severely wounded.
The ogre hits you with a giant club!!
Ouch! That really hurt!
You die...

####+####### ..
#..........#####..#
#..)..............#
#.<..............#
#...............#
#............>..#
#...............#
#.......O@......#
#...............#
#...............#
#...............#
#.........>.....#
#...............#
..............#
###############


You could see an ogre.

Vanquished Creatures
  An adder (D:2)
  2 oozes
  2 dart slugs (D:1)
  A giant gecko (D:3)
  An orc (D:3)
  2 ball pythons
  2 bats
  7 giant cockroaches
  12 goblins
  6 hobgoblins
  11 jackals (D:1)
  10 kobolds
  A quokka (D:2)
  3 giant newts (D:3)
  6 rats
67 creatures vanquished.

Notes
Turn   | Place    | Note
--------------------------------------------------------------
     0 | Abyss:1  | vev the Spriggan Abyssal Knight began the quest for the Orb.
     0 | Abyss:1  | Reached XP level 1. HP: 11/11 MP: 3/3
    48 | D:1      | Escaped the Abyss
   390 | D:1      | Reached XP level 2. HP: 16/16 MP: 4/4
   733 | D:1      | Reached skill level 4 in Dodging
   750 | D:1      | Reached XP level 3. HP: 11/20 MP: 5/5
   933 | D:1      | Reached ** piety under Lugonu
  2278 | D:2      | Reached XP level 4. HP: 18/24 MP: 6/6
  2309 | D:2      | Found a radiant altar of Vehumet.
  2693 | D:3      | Reached *** piety under Lugonu
  2930 | D:3      | Reached skill level 5 in Dodging
  3236 | D:4      | Noticed an ogre
  3249 | D:4      | Slain by an ogre

Vault maps used:
D:1:      dpeg_arrival_lava_altar
D:2:      lemuel_round_altar, first_bread, grunt_ministairs_3
D:4:      nrook_mini_backslash, uniq_crazy_yiuf_cottage, uniq_natasha,
          uniq_robin

Skill      XL: |  1  2  3  4 |
---------------+-------------+-----
Fighting       | 3 |  3.5
Dodging        | 4 5 |  5.0
Short Blades   | |  2.7
Stealth        | |  0.9
Invocations    | |  1.8

Action                   |  1- 3 |  4- 6 || total
-------------------------+-------+-------++-------
Melee: Short sword       |   154 |    36 ||   190
       Rapier            |       |    39 ||    39
  Use: Potion            |     1 |       ||     1
       Scroll            |       |     4 ||     4
 Stab: Sleeping          |     4 |     1 ||     5
Armor: Robe              |     9 |     7 ||    16
Dodge: Dodged            |   104 |    58 ||   162
